Map: Dusk Towers

Players

Ailee (Azure) - Winner!

  • Race: Terran Terran
  • League: Master

Kagayaiteru

  • Race: Protoss Protoss
  • League: Platinum

VOD

Have the link to the VOD?

Description

Time

  • Played on: Nov. 15, 2015, 2:35 p.m.
  • Length: 5:43
Show
View Real Time Build Order
Export as new Build Order

Ailee Terran - Winner!

Build Orders: Cyclone Opening 

Get SALT Encoding   

  12  0:01  SCV  
  13  0:13  SCV  
  14  0:17  Supply Depot  
  14  0:25  SCV  
  15  0:39  SCV  
  15  0:40  Barracks  
  16  0:45  Refinery  
  16  0:51  SCV  
  17  1:03  SCV  
  18  1:15  SCV  
  19  1:31  Marine, Orbital Command  
  20  1:42  Command Center  
  20  1:54  Factory  
  20  1:56  Marine  
  21  2:02  SCV  
  22  2:08  Supply Depot  
  22  2:14  SCV  
  23  2:30  Marine  
  23  2:32  SCV  
  23  2:34  Supply Depot  
  25  2:38  Factory Tech Lab, Barracks  
  25  2:42  Refinery  
  25  2:47  Marine  
  25  2:48  SCV  
  27  2:57  Cyclone  
  30  3:04  Orbital Command  
  30  3:06  SCV  
  30  3:17  Marine  
  30  3:18  SCV  
  32  3:21  Starport  
  32  3:24  Marine  
  33  3:30  SCV  
  33  3:32  Supply Depot  
  34  3:35  SCV  
  34  3:39  Barracks Reactor  
  35  3:42  SCV  
  35  3:47  SCV  
  37  3:52  Marine  
  37  3:54  SCV  
  39  3:59  SCV, Liberator  
  40  4:06  SCV  
  41  4:13  SCV  
  41  4:15  Marine  
  45  4:18  SCV  
  46  4:25  SCV  
  46  4:28  Marauder  
  46  4:30  SCV  
  50  4:37  SCV  
  50  4:38  Widow Mine, Marine x2  
  51  4:42  SCV  
  56  4:49  SCV  
  56  4:51  Marine  
  55  4:54  SCV  
  55  4:55  Engineering Bay  
  55  4:56  Marine  
  55  4:59  Medivac  
  59  5:01  SCV  
  59  5:07  Supply Depot, SCV  
  61  5:12  Marine  
  62  5:17  Supply Depot  
  62  5:18  Supply Depot  
  62  5:24  Supply Depot  
  69  5:28  SCV x2  
Show
View Real Time Build Order
Export as new Build Order

Kagayaiteru Protoss 

Build Orders:  

Get SALT Encoding   

  12  0:01  Probe (Chrono Boost)  
  13  0:11  Probe (Chrono Boost)  
  14  0:19  Pylon  
  14  0:22  Probe (Chrono Boost)  
  15  0:29  Assimilator  
  15  0:37  Probe (Chrono Boost)  
  16  0:43  Gateway  
  16  0:48  Probe (Chrono Boost)  
  17  0:56  Assimilator  
  17  0:58  Probe (Chrono Boost)  
  18  1:06  Pylon  
  18  1:14  Probe (Chrono Boost)  
  19  1:25  Probe (Chrono Boost)  
  20  1:34  Cybernetics Core  
  20  1:35  Probe (Chrono Boost)  
  21  1:46  Probe (Chrono Boost)  
  22  1:53  Pylon  
  22  1:59  Probe (Chrono Boost)  
  23  2:10  Warp Gate (Chrono Boost)  
  23  2:11  Stalker (Chrono Boost)  
  25  2:18  Probe  
  25  2:21  Stargate  
  26  2:28  Gateway  
  26  2:35  Gateway  
  26  2:48  Gateway  
  26  3:03  Probe  
  26  3:04  Void Ray (Chrono Boost)  
  31  3:15  Pylon  
  31  3:27  Pylon  
  31  3:45  Void Ray  
  35  4:14  Stalker x4  
  39  4:27  Void Ray (Chrono Boost)  
  39  4:28  Mothership Core (Chrono Boost)  
  39  4:41  Stalker  
  38  4:53  Stalker  
  40  5:01  Stalker  
  42  5:17  Zealot  
  42  5:19  Zealot  
Tags
 
Add a new tag
Caveats
  • Supply blocks, unpowered buildings, or Contaminate may cause inaccurate times.
  • Supply counts are checked every 10 seconds.